 Dungeon Crawl Stone Soup version bcrawl-1.27.6 (webtiles) character file.

Game seed: 18301879029261331154

138438 DogServant the Skirmisher (level 3, 27/30 HPs)
             Began as a Demonspawn Berserker on Oct 6, 2020.
             Was a Believer of Trog.
             Quit the game on level 2 of the Dungeon.
             The game lasted 00:01:53 (1113 turns).

DogServant the Skirmisher (Demonspawn Berserker)    Turns: 1113, Time: 00:01:53

Health: 27/30      AC:  8    Str: 18    XL:     3   Next: 62%
Magic:  3/3        EV:  8    Int:  8    God:    Trog [**....]
Gold:   39         SH:  0    Dex: 12    Spells: 2/2 levels left

rFire    . . .     SeeInvis .   a - +0 hand axe
rCold    . . .     Gourm    .   (no shield)
rNeg     . . .     Faith    .   j - +0 chain mail
rPois    .         Spirit   .   (no helmet)
rElec    .         Reflect  .   (no cloak)
rCorr    .         Harm     .   (no gloves)
MR       .....                  (no boots)
Stlth    ..........             (no amulet)
HPRegen  0.10/turn              (no ring)
MPRegen  0.08/turn              (no ring)

@: no status effects
A: talons 1, spiny 1
a: Berserk, Trog's Hand, Renounce Religion


You were on level 2 of the Dungeon.
You worshipped Trog.
Trog was pleased with you.
You were not hungry.

You visited 1 branch of the dungeon, and saw 2 of its levels.

You collected 39 gold pieces.

Inventory:

Hand Weapons
 a - a +0 hand axe (weapon)
Armour
 b - a +0 animal skin
 j - a +0 chain mail (worn)
Jewellery
 m - a +6 ring of dexterity {unknown}
Scrolls
 f - 2 scrolls of remove curse {unknown}
 h - a scroll of enchant armour {unknown}
 i - a scroll of amnesia {unknown}
 k - 3 scrolls of identify
 l - 3 scrolls of magic mapping {unknown}
Potions
 c - a potion of heal wounds {unknown}
 d - a potion of mutation {unknown}
 g - a potion of flight {unknown}
 n - a potion of ambrosia {unknown}
Comestibles
 e - 2 rations {!d}
 o - 2 chunks of flesh


   Skills:
 + Level 3.7 Fighting
 + Level 3.3 Axes
 - Level 1.9 Armour
 - Level 2.1 Dodging
 - Level 0.4 Stealth


You had 2 spell levels left.
You didn't know any spells.
Your spell library was empty.

Dungeon Overview and Level Annotations

Branches:
Dungeon (2/12)

Altars:
The Shining One


Innate Abilities, Weirdness & Mutations

You have sharp toenails.
You are partially covered in sharp spines.


Message History

You see here 91 poisoned needles.
You now have 39 gold pieces (gained 18).
An ooze comes into view.
An ooze is nearby!
An ooze is nearby!
An ooze is nearby!
The ooze hits you but does no damage.
You hit the ooze.
The ooze is lightly wounded.
The ooze hits you but does no damage.
You hit the ooze but do no damage. You claw the ooze, but do no damage.
The ooze is lightly wounded.
The ooze is struck by your spines. The ooze hits you.
The ooze hits you but does no damage.
You hit the ooze.
The ooze is moderately wounded.
The ooze hits you.
Unknown command.
Unknown command.
Are you sure you want to abandon this character and quit the game? (Confirm with "yes".)

### ### ...
#). ..# # #.#
##.#
##.##.##.##.#
#.....@J.##.#
##.##.#####.#
#.......####
######....(#
#.....#
#.....#
#.....#
#.....# ..#
###.###


You could see an ooze.

Vanquished Creatures
  An ooze (D:1)
  2 worms
  A dart slug (D:1)
  A leopard gecko (D:1)
  A ball python (D:1)
  2 bats
  2 goblins (D:1)
  8 hobgoblins
  10 jackals
  3 kobolds
  A frilled lizard (D:1)
32 creatures vanquished.

Notes
Turn   | Place    | Note
-------+----------+-------------------------------------------
     0 | D:1      | DogServant the Demonspawn Berserker began the quest for the
                  | Orb.
     0 | D:1      | Reached XP level 1. HP: 18/18 MP: 1/1
   269 | D:1      | Gained mutation: You have sharp toenails. [demonic
                  | ancestry]
   269 | D:1      | Reached XP level 2. HP: 23/24 MP: 2/2
   497 | D:1      | Gained mutation: You are partially covered in sharp spines.
                  | [demonic ancestry]
   497 | D:1      | Reached XP level 3. HP: 20/29 MP: 3/3
   677 | D:1      | Reached ** piety under Trog
  1051 | D:2      | Found a glowing golden altar of the Shining One.
  1113 | D:2      | Quit the game

Skill      XL: |  1  2 |
---------------+-------+-----
Dodging        | 2 |  2.1
Axes           | 3 |  3.3
Fighting       | |  3.7
Armour         | |  1.9
Stealth        | |  0.4

Action                   || total
-------------------------++-------
Melee: Hand axe          ||    85
       Kick              ||    13
 Stab: Sleeping          ||     2
  Eat: Chunk             ||     3
Armor: Animal skin       ||     5
       Chain mail        ||    27
Dodge: Dodged            ||    36
